Map: Abyssal Reef LE

Players

DnS - Winner!

  • Race: Protoss Protoss
  • Spawn Location: 5:00

Bly

  • Race: Zerg Zerg
  • Spawn Location: 11:00

Event: WCS Valencia 2017

VOD

Have the link to the VOD?

Description

Time

  • Played on: July 13, 2017, 7:06 a.m.
  • Length: 20:57

All games in this series

Show
View Real Time Build Order
Export as new Build Order

DnS Protoss - Winner!

Build Orders: 1 Gate Expand, Oracle Opening 

Get SALT Encoding   

  12  0:00  Probe (Chrono Boost)  
  13  0:11  Probe (Chrono Boost)  
  14  0:17  Pylon  
  14  0:22  Probe (Chrono Boost)  
  15  0:35  Probe (Chrono Boost)  
  16  0:39  Gateway  
  16  0:46  Probe (Chrono Boost)  
  16  0:48  Assimilator  
  17  0:56  Probe (Chrono Boost)  
  18  1:07  Probe (Chrono Boost)  
  19  1:17  Probe (Chrono Boost)  
  20  1:25  Nexus  
  21  1:37  Cybernetics Core  
  21  1:39  Probe (Chrono Boost)  
  21  1:47  Assimilator  
  21  1:49  Probe (Chrono Boost)  
  21  1:53  Pylon  
  22  2:00  Probe (Chrono Boost)  
  23  2:11  Probe (Chrono Boost)  
  23  2:14  Warp Gate, Adept (Chrono Boost)  
  26  2:23  Mothership Core (Chrono Boost)  
  28  2:36  Probe (Chrono Boost)  
  28  2:38  Adept (Chrono Boost)  
  32  2:44  Probe (Chrono Boost)  
  32  2:48  Probe (Chrono Boost)  
  33  2:53  Probe (Chrono Boost)  
  34  2:58  Probe  
  34  3:02  Stargate  
  34  3:03  Probe  
  35  3:08  Pylon  
  35  3:10  Probe  
  36  3:14  Probe  
  37  3:22  Probe  
  37  3:24  Probe  
  37  3:26  Pylon  
  38  3:35  Probe (Chrono Boost)  
  38  3:36  Probe (Chrono Boost)  
  38  3:38  Adept (Chrono Boost)  
  42  3:44  Pylon  
  42  3:45  Probe (Chrono Boost)  
  42  3:47  Probe (Chrono Boost)  
  44  3:51  Oracle (Chrono Boost)  
  44  3:55  Probe  
  47  3:59  Probe  
  49  4:03  Gateway  
  49  4:05  Probe, Gateway  
  50  4:11  Probe  
  50  4:14  Twilight Council  
  50  4:16  Probe  
  51  4:20  Adept  
  51  4:23  Probe  
  55  4:25  Pylon  
  55  4:26  Probe  
  55  4:28  Phoenix (Chrono Boost)  
  56  4:35  Probe  
  56  4:37  Probe  
  56  4:38  Assimilator  
  58  4:47  Probe, Adept  
  58  4:48  Pylon  
  58  4:49  Probe, Pylon  
  58  4:50  Resonating Glaives (Chrono Boost)  
  62  4:59  Adept x2  
  66  5:15  Adept  
  66  5:16  Probe x2  
  66  5:17  Nexus  
  66  5:19  Assimilator  
  70  5:22  Pylon  
  70  5:29  Adept x2  
  70  5:31  Probe  
  70  5:33  Probe  
  76  5:39  Robotics Facility  
  76  5:43  Probe  
  77  5:50  Pylon  
  77  5:52  Adept x3  
  77  5:53  Probe  
  77  5:55  Probe  
  85  6:03  Forge  
  85  6:05  Probe (Chrono Boost)  
  85  6:06  Pylon  
  86  6:11  Probe (Chrono Boost)  
  86  6:13  Sentry x2  
  86  6:14  Sentry  
  86  6:17  Probe (Chrono Boost)  
  94  6:24  Probe (Chrono Boost)  
  95  6:27  Probe (Chrono Boost)  
  95  6:29  Warp Prism  
  95  6:30  Protoss Ground Weapons Level 1 (Chrono Boost)  
  98  6:34  Probe (Chrono Boost)  
  98  6:38  Probe (Chrono Boost)  
  98  6:39  Probe (Chrono Boost)  
  93  6:45  Probe (Chrono Boost)  
  80  6:48  Templar Archives  
  80  6:49  Gateway  
  80  6:51  Assimilator  
  80  6:53  Probe x2, Assimilator  
  80  6:54  Adept x2  
  80  6:58  Gateway  
  86  7:01  Gateway  
  86  7:02  Gateway  
  86  7:08  Charge  
  86  7:10  Probe, Gateway  
  86  7:15  Psionic Storm  
  87  7:16  Probe  
  87  7:19  Observer (Chrono Boost)  
  89  7:28  Probe, Gateway  
  90  7:30  Gateway  
  90  7:31  Photon Cannon  
  90  7:32  Pylon  
  90  7:37  High Templar x2  
  90  7:38  High Templar  
  90  7:41  Pylon  
  96  7:52  Phoenix  
  96  7:56  Warp Prism  
  94  8:08  Protoss Ground Weapons Level 2  
  94  8:09  High Templar  
  94  8:10  Nexus  
  94  8:12  Photon Cannon  
  96  8:13  Pylon  
  96  8:14  Pylon, Photon Cannon  
  96  8:20  Phoenix  
  96  8:22  Photon Cannon  
  96  8:24  Photon Cannon  
  96  8:25  Pylon  
  98  8:31  Zealot, High Templar x2  
  98  8:32  Zealot x2  
  108  8:36  Archon  
  108  8:39  Zealot  
  108  8:40  Zealot x2  
  114  8:44  Immortal (Chrono Boost)  
  118  9:02  High Templar x2  
  122  9:04  Photon Cannon  
  122  9:05  Probe x3  
  122  9:06  Photon Cannon  
  122  9:08  Photon Cannon  
  122  9:09  Robotics Facility  
  124  9:23  Probe, Immortal (Chrono Boost)  
  129  9:24  Probe x3  
  129  9:26  Assimilator  
  129  9:27  Assimilator  
  132  9:34  Archon  
  132  9:38  High Templar x2  
  132  9:39  Zealot x7  
  132  9:41  Probe x2  
  132  9:42  Probe  
  153  9:46  Archon  
  145  9:56  Immortal (Chrono Boost)  
  145  9:57  Immortal (Chrono Boost)  
  141  10:07  High Templar x2  
  141  10:09  Zealot  
  141  10:10  High Templar x2  
  141  10:12  Archon  
  141  10:14  Archon  
  151  10:22  Photon Cannon  
  151  10:23  Photon Cannon  
  151  10:25  Photon Cannon  
  140  10:44  Probe x3  
  140  10:48  Probe  
  140  10:49  High Templar x2  
  138  10:51  Fleet Beacon  
  138  10:53  Stargate, Archon  
  138  10:56  Zealot x2  
  138  10:57  Zealot x2  
  145  11:01  Probe x2  
  145  11:02  Probe  
  145  11:03  Probe  
  151  11:09  Pylon  
  151  11:11  Pylon  
  151  11:13  Probe x2  
  151  11:16  Probe  
  154  11:21  Stargate  
  154  11:24  Stargate  
  152  11:33  Photon Cannon, Carrier x2  
  152  11:34  Photon Cannon  
  152  11:36  Photon Cannon  
  152  11:38  Pylon  
  164  11:40  Pylon  
  164  11:41  Protoss Air Weapons Level 1 (Chrono Boost)  
  164  11:42  Nexus  
  164  11:43  Pylon  
  167  11:54  Zealot x2  
  168  12:06  High Templar x4  
  168  12:07  Zealot x3  
  182  12:12  Archon x2  
  182  12:18  Pylon x2, Graviton Catapult (Chrono Boost)  
  182  12:20  Pylon  
  182  12:21  Pylon  
  182  12:33  Carrier  
  182  12:35  Observer x2, Nexus  
  184  12:37  Oracle  
  184  12:38  Pylon  
  184  12:43  Pylon  
  193  12:52  Zealot x3  
  193  12:57  Photon Cannon  
  199  12:59  Photon Cannon  
  199  13:00  Photon Cannon  
  199  13:01  Photon Cannon  
  183  13:12  Assimilator  
  183  13:14  Carrier  
  183  13:17  Carrier  
  183  13:18  Assimilator  
  191  13:30  Gateway  
  191  13:32  Photon Cannon, Gateway  
  191  13:33  Photon Cannon  
  191  13:34  Photon Cannon  
  191  13:35  Protoss Air Weapons Level 2 (Chrono Boost)  
  191  13:36  Carrier  
  189  14:06  Photon Cannon  
  189  14:08  Photon Cannon, Carrier  
  189  14:40  Carrier, High Templar  
  189  14:41  High Templar  
  189  14:45  Archon  
  199  14:46  Photon Cannon  
  199  14:50  Photon Cannon  
  199  14:55  Dark Shrine  
  199  14:57  Protoss Ground Weapons Level 3  
  199  14:58  Blink  
  199  15:11  Nexus  
  199  15:13  Pylon x2  
  179  15:57  Zealot x10  
  181  15:58  Mothership Core  
  197  16:06  Protoss Air Weapons Level 3 (Chrono Boost)  
  197  16:10  Photon Cannon  
  197  16:12  Photon Cannon  
  197  16:13  Photon Cannon  
  197  16:15  Assimilator  
  197  16:20  Assimilator  
  197  16:24  Zealot x11  
  191  16:46  Zealot  
  191  16:47  Zealot x3  
  187  17:06  Stargate x2  
  177  17:10  Stargate  
  177  17:11  Zealot x2  
  177  17:12  Zealot x9  
  177  17:38  High Templar x3  
  177  17:39  High Templar x2  
  177  17:42  Carrier  
  199  17:57  Photon Cannon  
  197  17:58  Photon Cannon  
  197  18:08  Protoss Air Armor Level 1  
  197  18:24  High Templar  
  197  18:25  High Templar  
  197  18:26  High Templar x2  
  199  18:28  Archon  
  199  18:30  Archon  
  197  18:48  Zealot x3  
  197  18:56  Zealot, Photon Cannon  
  197  18:58  Photon Cannon  
  197  18:59  Zealot x3  
  197  19:00  Photon Cannon x2  
  197  19:02  Photon Cannon  
  193  19:12  Photon Cannon x2  
  193  19:14  Dark Templar  
  193  19:15  Zealot, Dark Templar  
  193  19:16  Photon Cannon  
  199  19:44  Zealot x2  
  193  19:58  Dark Templar  
  193  19:59  Zealot x2  
  185  20:24  Zealot x2, Archon  
  185  20:25  Zealot x8  
Show
View Real Time Build Order
Export as new Build Order

Bly Zerg 

Build Orders: Hatch First 

Get SALT Encoding   

  12  0:01  Drone  
  13  0:13  Overlord  
  13  0:17  Drone  
  14  0:31  Drone x2  
  16  0:35  Drone  
  17  0:52  Hatchery  
  16  0:57  Drone  
  16  0:58  Drone  
  16  1:02  Extractor  
  17  1:14  Spawning Pool  
  17  1:17  Drone  
  17  1:20  Drone  
  18  1:28  Drone  
  19  1:39  Overlord  
  19  1:50  Drone  
  20  2:01  Queen  
  20  2:03  Zergling x2  
  20  2:04  Metabolic Boost  
  20  2:05  Queen  
  20  2:08  Zergling x2  
  26  2:12  Drone  
  27  2:16  Drone  
  28  2:26  Drone x2  
  30  2:38  Hatchery  
  30  2:41  Drone  
  30  2:56  Drone x4  
  30  2:57  Queen  
  36  3:02  Overlord  
  35  3:06  Overlord  
  35  3:19  Zergling x2  
  35  3:20  Overlord  
  35  3:25  Zergling x10  
  40  3:30  Evolution Chamber  
  39  3:43  Overlord  
  38  3:51  Drone x4  
  38  3:54  Zergling x6  
  38  3:55  Zergling x6  
  45  3:59  Drone x2  
  47  4:04  Overlord  
  47  4:14  Drone x3  
  50  4:22  Drone x3  
  52  4:30  Drone  
  53  4:32  Spore Crawler  
  52  4:41  Drone x2  
  52  4:44  Drone x3  
  52  4:45  Queen, Zerg Melee Weapons Level 1  
  57  4:56  Hatchery  
  57  4:57  Spore Crawler, Drone x2  
  57  5:12  Drone x3  
  57  5:13  Drone, Overlord  
  61  5:19  Drone x4  
  61  5:20  Drone, Overlord  
  66  5:22  Overlord  
  66  5:27  Baneling Nest  
  66  5:28  Lair  
  65  5:31  Queen  
  67  5:36  Zergling x2  
  67  5:37  Zergling x12  
  74  5:44  Overlord  
  74  5:48  Extractor, Drone x7  
  74  5:49  Drone x3  
  78  6:07  Evolution Chamber, Zergling x10  
  82  6:14  Baneling x7  
  82  6:15  Extractor, Baneling x2  
  82  6:16  Zergling x14  
  88  6:23  Baneling x2  
  88  6:26  Zergling x8  
  88  6:27  Drone x4  
  88  6:31  Extractor  
  85  6:41  Drone x5  
  85  6:51  Drone x7, Hydralisk Den  
  85  6:52  Drone x3  
  94  6:56  Drone  
  94  7:01  Extractor x2  
  93  7:02  Zerg Melee Weapons Level 2  
  93  7:03  Overlord  
  93  7:06  Hatchery  
  92  7:09  Overlord x5  
  90  7:20  Spore Crawler, Spire  
  87  7:25  Drone x8  
  95  7:31  Overlord  
  95  7:33  Muscular Augments  
  95  7:36  Drone x3  
  98  7:37  Extractor, Drone x3  
  98  7:38  Drone x2  
  98  7:39  Extractor  
  101  7:48  Hydralisk x5  
  111  7:57  Overlord  
  110  8:05  Overseer  
  110  8:08  Drone  
  110  8:09  Drone x8  
  110  8:10  Drone x2  
  121  8:14  Overlord  
  121  8:23  Hydralisk x5  
  121  8:24  Hydralisk x2  
  121  8:25  Overseer  
  121  8:27  Zergling x2, Centrifical Hooks  
  136  8:29  Zerg Ground Armor Level 1  
  136  8:36  Spore Crawler  
  136  8:37  Hatchery  
  134  8:44  Zerg Flyer Weapons Level 1  
  134  8:50  Hydralisk x7  
  134  8:52  Zergling x2  
  134  8:53  Zergling x16  
  134  8:54  Zergling x2  
  134  8:55  Overlord x4  
  157  8:59  Extractor  
  157  9:00  Extractor  
  155  9:03  Infestation Pit  
  154  9:12  Zergling x6  
  154  9:13  Overlord x2  
  154  9:14  Lurker Den, Overlord x2  
  157  9:20  Zerg Missile Weapons Level 1  
  157  9:25  Baneling x14  
  157  9:30  Zergling x14  
  157  9:31  Zergling x22  
  171  9:41  Zergling x16  
  165  9:57  Zergling x10  
  165  9:58  Zergling x10  
  165  10:05  Baneling x12  
  165  10:06  Baneling x3  
  165  10:11  Hive  
  165  10:12  Hydralisk x8, Zergling x8  
  185  10:21  Baneling x7  
  183  10:28  Hydralisk  
  183  10:29  Hydralisk x6  
  164  10:37  Hydralisk x4  
  154  10:54  Spine Crawler  
  153  11:01  Baneling  
  153  11:02  Baneling x7  
  153  11:04  Spine Crawler  
  153  11:06  Zergling x26  
  153  11:07  Zergling x14  
  172  11:17  Lurker x2  
  172  11:18  Zergling x16  
  176  11:21  Overseer  
  178  11:34  Zerg Melee Weapons Level 3, Greater Spire, Adrenal Glands  
  178  11:35  Corruptor x2, Hatchery  
  178  11:36  Corruptor x2  
  178  11:38  Drone  
  178  11:39  Drone x4  
  190  11:40  Spine Crawler  
  190  11:41  Baneling x7, Spine Crawler  
  190  11:42  Spine Crawler  
  187  11:49  Baneling x8  
  186  12:04  Corruptor x4  
  186  12:34  Overseer  
  186  12:35  Hatchery  
  185  12:41  Baneling x4  
  185  12:47  Brood Lord x7  
  199  12:53  Baneling  
  193  13:06  Brood Lord  
  193  13:07  Overseer  
  193  13:09  Corruptor x3  
  193  13:10  Corruptor  
  198  13:17  Overseer x3  
  198  13:18  Overseer  
  197  13:26  Zergling x2  
  197  13:27  Zergling x2, Ultralisk Cavern  
  199  13:33  Spore Crawler x3  
  199  13:34  Viper  
  201  13:41  Zerg Missile Weapons Level 2  
  201  13:47  Viper  
  198  13:51  Extractor x2  
  198  13:54  Spore Crawler  
  189  14:16  Corruptor  
  189  14:17  Corruptor x4  
  199  14:32  Spore Crawler  
  198  14:48  Baneling x5  
  198  15:23  Pneumatized Carapace  
  176  15:49  Corruptor  
  142  15:50  Corruptor x12  
  168  16:01  Overlord x4  
  168  16:02  Chitinous Plating, Overlord x2  
  167  16:12  Zergling x6  
  163  16:29  Viper x4  
  163  16:31  Hydralisk x2  
  163  16:32  Hydralisk x7, Zergling x2  
  191  16:33  Zergling x18  
  200  16:44  Zerg Flyer Armor Level 1  
  184  16:54  Hatchery  
  176  17:08  Drone x2  
  176  17:09  Drone  
  176  17:14  Zergling x14  
  176  17:15  Zergling x22  
  192  17:18  Brood Lord  
  192  17:19  Brood Lord  
  192  17:20  Brood Lord  
  194  17:30  Zergling x10  
  194  17:35  Drone  
  198  17:39  Baneling x3  
  198  17:40  Baneling x16  
  198  17:41  Zerg Ground Armor Level 2, Baneling x2  
  198  17:47  Spine Crawler  
  198  17:48  Zerg Missile Weapons Level 3  
  195  18:27  Spore Crawler  
  195  18:28  Spore Crawler x3  
  195  18:29  Spore Crawler  
  195  18:31  Spore Crawler x2  
  195  18:33  Spore Crawler  
  187  18:40  Zergling x8  
  187  18:41  Zergling x18  
  199  18:48  Brood Lord  
  199  18:54  Zergling x12  
  199  18:55  Zergling x2  
  199  19:02  Brood Lord  
  199  19:05  Drone x2  
  199  19:08  Neural Parasite  
  198  19:10  Burrow  
  198  19:11  Spore Crawler x2  
  198  19:12  Spore Crawler x2  
  198  19:13  Spore Crawler x2  
  191  19:25  Hatchery  
  191  19:28  Overseer x4  
  191  19:29  Overseer  
  188  19:44  Spore Crawler  
  181  19:45  Spore Crawler  
  181  19:46  Corruptor x5, Spore Crawler, Overseer x3  
  181  19:47  Corruptor  
  188  19:56  Extractor  
  95  20:22  Hydralisk x10  
  88  20:29  Hydralisk x3  
Tags
 
Add a new tag
Caveats
  • Supply blocks, unpowered buildings, or Contaminate may cause inaccurate times.
  • Supply counts are checked every 10 seconds.